[Event "2nd Namma Bengaluru Open-B 2025"]
[Site "Bengaluru"]
[Date "2025.04.12"]
[Round "8.1"]
[White "Swapnil Priyadarshi"]
[Black "Aditya Dileepraj"]
[Result "0-1"]
[Annotator "NA"]
[ECO "B43"]
[WhiteElo "1814"]
[BlackElo "1746"]
[PlyCount "66"]
[EventDate "2025.04.10"]
[EventType "swiss"]
[EventCountry "IND"]
[SourceTitle "playchess.com"]
[Source "ChessBase"]
[SourceQuality "1"]
[TimeControl "3600+30"]

1. e4 c5 2. Nf3 e6 3. d4 cxd4 4. Nxd4 a6 5. Nc3 Qc7 6. Be3 Nf6 7. a3 b5 8. Bd3 Bb7 9. O-O d6 10. Kh1 Nbd7 11. f4 Be7 12. Nb3 Rc8 13. Qe1 O-O 14. Bd4 e5 15. Be3 Nb6 16. Qg3 Nfd7 17. fxe5 Nxe5 18. Nd4 Rfe8 19. Nf5 Ng6 20. h4 h5 21. Be2 Bf6 22. Bxh5 Nc4 23. Bxg6 Nxe3 24. Nxe3 fxg6 25. Qxg6 Bxc3 26. Ng4 Bxe4 27. Nh6+ Kh8 28. Nf7+ Kg8 29. Nh6+ Kh8 30. Nf7+ Kg8 31. Qh5 g6 32. Qg5 Bg7 33. h5 Qc5 0-1

[Event "2nd Namma Bengaluru Open-B 2025"]
[Site "Bengaluru"]
[Date "2025.04.12"]
[Round "8.2"]
[White "Nijesh R"]
[Black "Elesh Tripathi"]
[Result "1-0"]
[Annotator "NA"]
[ECO "C10"]
[WhiteElo "1813"]
[BlackElo "1758"]
[PlyCount "103"]
[EventDate "2025.04.10"]
[EventType "swiss"]
[EventCountry "IND"]
[SourceTitle "playchess.com"]
[Source "ChessBase"]
[SourceQuality "1"]
[TimeControl "3600+30"]

1. e4 e6 2. d4 d5 3. Nc3 dxe4 4. Nxe4 Be7 5. Nf3 Nf6 6. Nxf6+ Bxf6 7. Bd3 c5 8. dxc5 Qa5+ 9. Nd2 Nd7 10. c6 bxc6 11. O-O Ne5 12. Ne4 Be7 13. Bd2 Qb6 14. Bc3 Nxd3 15. cxd3 O-O 16. Rc1 c5 17. Re1 Bb7 18. Qg4 f6 19. Ng3 Bc8 20. Nf5 exf5 21. Qc4+ Kh8 22. Rxe7 Qd6 23. Rce1 Ba6 24. Qh4 Bxd3 25. R1e6 Qd8 26. Qg3 Rg8 27. Qd6 Qxd6 28. Rxd6 Rgd8 29. Rxa7 Bc4 30. Rxa8 Rxa8 31. a3 Bb3 32. Rc6 Rd8 33. h3 c4 34. Rc5 Kg8 35. Rxf5 Kf7 36. Ra5 Kg6 37. Ra7 Rd1+ 38. Kh2 Ra1 39. g4 Bc2 40. Bb4 Be4 41. Kg3 f5 42. Bc3 fxg4 43. hxg4 Kg5 44. Rxg7+ Bg6 45. f4+ Kh6 46. Re7 Bf7 47. Rxf7 Rg1+ 48. Kh3 Rf1 49. Kg2 Rc1 50. Bh8 Rc2+ 51. Kg3 Rc3+ 52. bxc3 1-0

[Event "2nd Namma Bengaluru Open-B 2025"]
[Site "Bengaluru"]
[Date "2025.04.12"]
[Round "8.3"]
[White "Nayak, Biswajit"]
[Black "Singh Arjun M"]
[Result "1/2-1/2"]
[Annotator "NA"]
[ECO "D14"]
[WhiteElo "1979"]
[BlackElo "1864"]
[PlyCount "80"]
[EventDate "2025.04.10"]
[EventType "swiss"]
[EventCountry "IND"]
[SourceTitle "playchess.com"]
[Source "ChessBase"]
[SourceQuality "1"]
[TimeControl "3600+30"]

1. d4 Nf6 2. Nf3 d5 3. c4 c6 4. cxd5 cxd5 5. Nc3 Nc6 6. Bf4 Bf5 7. e3 e6 8. Qb3 Bb4 9. Bb5 O-O 10. O-O Bxc3 11. Qxc3 Rc8 12. Rfc1 a6 13. Bxc6 Rxc6 14. Qa3 Qc8 15. b3 Ne4 16. Qb2 Nc3 17. Kh1 f6 18. Bg3 h6 19. Ng1 b5 20. Bd6 Rxd6 21. Rxc3 Qb8 22. Rac1 e5 23. Rc5 Rdd8 24. Qd2 b4 25. dxe5 fxe5 26. Rxd5 Be4 27. Rxd8 Rxd8 28. Qe2 Qb7 29. f3 Bd3 30. Qe1 e4 31. f4 a5 32. Rc5 Rd5 33. Qc1 Rxc5 34. Qxc5 Qb5 35. Qc1 a4 36. h3 axb3 37. axb3 Qd5 38. Qc8+ Kh7 39. Qf8 Qxb3 40. Qf5+ Kh8 1/2-1/2

[Event "2nd Namma Bengaluru Open-B 2025"]
[Site "Bengaluru"]
[Date "2025.04.12"]
[Round "8.4"]
[White "Afreed T Khan"]
[Black "Hrishikesh Ganapathy Subramani"]
[Result "1-0"]
[Annotator "NA"]
[ECO "D55"]
[WhiteElo "1921"]
[BlackElo "1792"]
[PlyCount "83"]
[EventDate "2025.04.10"]
[EventType "swiss"]
[EventCountry "IND"]
[SourceTitle "playchess.com"]
[Source "ChessBase"]
[SourceQuality "1"]
[TimeControl "3600+30"]

1. d4 Nf6 2. c4 b6 3. Nc3 Bb7 4. Qc2 d5 5. Nf3 e6 6. cxd5 exd5 7. Bg5 Be7 8. e3 h6 9. Bh4 O-O 10. Bd3 Nbd7 11. O-O c5 12. Rad1 a6 13. Bf5 c4 14. Ne5 b5 15. a3 Re8 16. f4 Qc7 17. Rf3 Nf8 18. Qe2 Rad8 19. Rdf1 Bc8 20. Bxc8 Qxc8 21. Bxf6 Bxf6 22. Rh3 Bxe5 23. fxe5 Qd7 24. Qh5 Qe6 25. Rhf3 Qg6 26. Qxg6 fxg6 27. Rf7 Nd7 28. Nxd5 Nf6 29. R7xf6 gxf6 30. Nxf6+ Kg7 31. Nxe8+ Rxe8 32. Rf6 Ra8 33. Kf2 a5 34. Rb6 b4 35. axb4 c3 36. bxa5 cxb2 37. Rxb2 Rxa5 38. Rb7+ Kf8 39. Kf3 Ra1 40. e6 g5 41. d5 g4+ 42. Kxg4 1-0

[Event "2nd Namma Bengaluru Open-B 2025"]
[Site "Bengaluru"]
[Date "2025.04.12"]
[Round "8.5"]
[White "Rohith P"]
[Black "Tamang, Sudip"]
[Result "1-0"]
[Annotator "NA"]
[ECO "B36"]
[WhiteElo "1808"]
[BlackElo "1875"]
[PlyCount "77"]
[EventDate "2025.04.10"]
[EventType "swiss"]
[EventCountry "IND"]
[SourceTitle "playchess.com"]
[Source "ChessBase"]
[SourceQuality "1"]
[TimeControl "3600+30"]

1. e4 c5 2. Nf3 g6 3. d4 cxd4 4. Nxd4 Nc6 5. c4 Nf6 6. Nc3 d6 7. Be2 Nxd4 8. Qxd4 Bg7 9. O-O O-O 10. Qd3 Be6 11. Be3 a5 12. Rac1 a4 13. Rfd1 Nd7 14. Qd2 Qa5 15. Bd4 Rfc8 16. Bxg7 Kxg7 17. f4 Qc5+ 18. Kh1 f6 19. Bd3 Qb4 20. a3 Qb3 21. Nb5 Bxc4 22. Bxc4 Rxc4 23. Nd4 Rxc1 24. Nxb3 Rxd1+ 25. Qxd1 axb3 26. Qxb3 Rc8 27. h3 Rc1+ 28. Kh2 Nc5 29. Qd5 Re1 30. e5 fxe5 31. b4 Na4 32. fxe5 Rxe5 33. Qxb7 Nc3 34. Qc6 Ne2 35. a4 h5 36. b5 h4 37. b6 Ng3 38. b7 Kh7 39. Qc3 1-0

[Event "2nd Namma Bengaluru Open-B 2025"]
[Site "Bengaluru"]
[Date "2025.04.12"]
[Round "8.6"]
[White "Krishnasai Ramesh Vandanapu"]
[Black "Gokul G"]
[Result "1/2-1/2"]
[Annotator "NA"]
[ECO "B67"]
[WhiteElo "1790"]
[BlackElo "1858"]
[PlyCount "62"]
[EventDate "2025.04.10"]
[EventType "swiss"]
[EventCountry "IND"]
[SourceTitle "playchess.com"]
[Source "ChessBase"]
[SourceQuality "1"]
[TimeControl "3600+30"]

1. e4 c5 2. Nf3 Nc6 3. d4 cxd4 4. Nxd4 Nf6 5. Nc3 d6 6. Bg5 e6 7. Qd2 a6 8. O-O-O Be7 9. f3 Bd7 10. h4 b5 11. Nxc6 Bxc6 12. Ne2 d5 13. Nd4 Bb7 14. e5 Nd7 15. Bxe7 Qxe7 16. f4 O-O 17. Re1 f6 18. exf6 Qxf6 19. Rxe6 Qxf4 20. Qxf4 Rxf4 21. Re7 Rf7 22. Rxf7 Kxf7 23. Bd3 Nf6 24. Rf1 Kg8 25. Nf5 Re8 26. Nh6+ Kh8 27. Nf7+ Kg8 28. Nh6+ Kh8 29. Nf7+ Kg8 30. Nh6+ Kh8 31. Nf7+ Kg8 1/2-1/2

[Event "2nd Namma Bengaluru Open-B 2025"]
[Site "Bengaluru"]
[Date "2025.04.12"]
[Round "8.7"]
[White "Yeshas H"]
[Black "Samaksh Ashok"]
[Result "1/2-1/2"]
[Annotator "NA"]
[ECO "A84"]
[WhiteElo "1788"]
[BlackElo "1858"]
[PlyCount "117"]
[EventDate "2025.04.10"]
[EventType "swiss"]
[EventCountry "IND"]
[SourceTitle "playchess.com"]
[Source "ChessBase"]
[SourceQuality "1"]
[TimeControl "3600+30"]

1. Nf3 e6 2. d4 f5 3. c4 Nf6 4. Nc3 Bb4 5. Qb3 Bxc3+ 6. Qxc3 b6 7. g3 Bb7 8. Bg2 O-O 9. O-O Be4 10. b3 Qe7 11. Bb2 d6 12. Rac1 Nbd7 13. Rfd1 Rac8 14. b4 c5 15. dxc5 dxc5 16. b5 Rcd8 17. a4 Rfe8 18. h3 e5 19. Ne1 Qe6 20. Qd2 Kf7 21. Qd6 Qxd6 22. Rxd6 Re6 23. Rxe6 Kxe6 24. Rd1 Re8 25. Bxe4 Nxe4 26. Nc2 Nd6 27. Ne3 Rc8 28. f4 Rg8 29. fxe5 Nxe5 30. Bxe5 Kxe5 31. Kf2 Rf8 32. Kf3 g5 33. Nd5 Rf7 34. Ne3 Ke6 35. g4 f4 36. Nf5 Nxf5 37. gxf5+ Kxf5 38. Rd5+ Kg6 39. Kg4 h5+ 40. Kf3 Re7 41. Rd6+ Kf5 42. Rd5+ Re5 43. Rd7 Re3+ 44. Kf2 Re4 45. Rxa7 Rxc4 46. a5 bxa5 47. Rxa5 Rb4 48. b6 Rxb6 49. Rxc5+ Kg6 50. Rc4 h4 51. Rc3 Rb2 52. Kf3 Rb1 53. Kg2 Kh5 54. Rd3 Rb5 55. Kf3 Re5 56. Rc3 Ra5 57. Rd3 Ra1 58. Kg2 Rc1 59. Rb3 1/2-1/2

[Event "2nd Namma Bengaluru Open-B 2025"]
[Site "Bengaluru"]
[Date "2025.04.12"]
[Round "8.7"]
[White "Yeshas H"]
[Black "Samaksh Ashok"]
[Result "*"]
[Annotator "NA"]
[ECO "A84"]
[WhiteElo "1788"]
[BlackElo "1858"]
[PlyCount "47"]
[EventDate "2025.04.10"]
[EventType "swiss"]
[EventCountry "IND"]
[SourceTitle "playchess.com"]
[Source "ChessBase"]
[SourceQuality "1"]
[TimeControl "3600+30"]

1. Nf3 e6 2. d4 f5 3. c4 Nf6 4. Nc3 Bb4 5. Qb3 Bxc3+ 6. Qxc3 b6 7. g3 Bb7 8. Bg2 O-O 9. O-O Be4 10. b3 Qe7 11. Bb2 d6 12. Rac1 Nbd7 13. Rfd1 Rac8 14. b4 c5 15. dxc5 dxc5 16. b5 Rcd8 17. a4 Rfe8 18. h3 e5 19. Ne1 Qe6 20. Qd2 Kf7 21. Qd6 Qxd6 22. Rd3 Qd5 23. Rxd5 Re6 24. Rd6 *

[Event "2nd Namma Bengaluru Open-B 2025"]
[Site "Bengaluru"]
[Date "2025.04.12"]
[Round "8.8"]
[White "Vivaan Sachdev"]
[Black "Dave, Kantilal"]
[Result "1-0"]
[Annotator "NA"]
[ECO "B07"]
[WhiteElo "1782"]
[BlackElo "1856"]
[PlyCount "51"]
[EventDate "2025.04.10"]
[EventType "swiss"]
[EventCountry "IND"]
[SourceTitle "playchess.com"]
[Source "ChessBase"]
[SourceQuality "1"]
[TimeControl "3600+30"]

1. e4 d6 2. d4 Nf6 3. Nc3 a6 4. h3 e6 5. Bd3 b5 6. Nce2 Bb7 7. Ng3 Nbd7 8. Qe2 c5 9. c3 Qc7 10. f4 Be7 11. Nf3 e5 12. O-O cxd4 13. cxd4 exd4 14. e5 dxe5 15. fxe5 Nd5 16. Nf5 Ne3 17. N3xd4 Nxf5 18. Nxf5 Nxe5 19. Nxg7+ Kd8 20. Be4 Bxe4 21. Qxe4 Nc6 22. Bf4 Qb6+ 23. Kh1 Ra7 24. Rfd1+ Kc8 25. Rac1 Bc5 26. b4 1-0

[Event "2nd Namma Bengaluru Open-B 2025"]
[Site "Bengaluru"]
[Date "2025.04.12"]
[Round "8.9"]
[White "Borse Vaibhav"]
[Black "Ishan Warudkar"]
[Result "1-0"]
[Annotator "NA"]
[ECO "B70"]
[WhiteElo "1778"]
[BlackElo "1832"]
[PlyCount "71"]
[EventDate "2025.04.10"]
[EventType "swiss"]
[EventCountry "IND"]
[SourceTitle "playchess.com"]
[Source "ChessBase"]
[SourceQuality "1"]
[TimeControl "3600+30"]

1. e4 c5 2. Nf3 g6 3. d4 cxd4 4. Nxd4 Bg7 5. Nc3 Nc6 6. Nb3 Nf6 7. Be2 O-O 8. O-O d6 9. Bg5 Rb8 10. Kh1 b5 11. Nxb5 Nxe4 12. Be3 a6 13. N5d4 Nxd4 14. Bxd4 e5 15. Bf3 Bb7 16. Bxe4 Bxe4 17. Qe2 f5 18. Bc3 Bc6 19. Qc4+ d5 20. Qxc6 d4 21. Ba5 Qh4 22. Bc7 Rbe8 23. Bd6 Qf6 24. f4 exf4 25. Qc4+ Rf7 26. Bxf4 g5 27. Bg3 Re4 28. Rae1 Rxe1 29. Rxe1 h5 30. Qe6 Qxe6 31. Rxe6 f4 32. Bf2 Rc7 33. Bxd4 Kf7 34. Rxa6 Bxd4 35. Nxd4 g4 36. Kg1 1-0

[Event "2nd Namma Bengaluru Open-B 2025"]
[Site "Bengaluru"]
[Date "2025.04.12"]
[Round "8.10"]
[White "Abhijith U"]
[Black "Gaigore Sanskar"]
[Result "0-1"]
[Annotator "NA"]
[ECO "D00"]
[WhiteElo "1821"]
[BlackElo "1752"]
[PlyCount "79"]
[EventDate "2025.04.10"]
[EventType "swiss"]
[EventCountry "IND"]
[SourceTitle "playchess.com"]
[Source "ChessBase"]
[SourceQuality "1"]
[TimeControl "3600+30"]

1. d4 Nf6 2. Nc3 d5 3. Bf4 a6 4. e3 g6 5. h4 Bg7 6. h5 Nxh5 7. Rxh5 gxh5 8. Qxh5 Be6 9. Qh2 c5 10. Bc7 Qc8 11. Na4 Nd7 12. dxc5 Bf5 13. O-O-O e5 14. Bd6 Qc6 15. Nc3 Be6 16. Nf3 f6 17. e4 d4 18. Rxd4 Nxc5 19. Nxe5 fxe5 20. Qh5+ Bf7 21. Qg5 Bh6 22. Qxh6 exd4 23. Qf6 Kd7 24. Qxf7+ Kc8 25. Be5 Re8 26. Bxd4 Nxe4 27. Nd5 Nd6 28. Nb6+ Kb8 29. Nd7+ Kc7 30. Qg7 Qxd7 31. Bb6+ Kc8 32. Qc3+ Qc6 33. Qh3+ Kb8 34. Be3 Qc7 35. Bd3 b6 36. a4 Ka7 37. Bd4 Nb7 38. b4 Qf4+ 39. Be3 Qxb4 40. Qxh7 0-1